[Event "*** Titled Tuesday Blitz"]
[Site "Chess.com"]
[Date "2021.02.02"]
[Round "11"]
[White "kleopl"]
[Black "ruvat"]
[Result "1-0"]
[WhiteElo "2492"]
[BlackElo "2318"]
[TimeControl "180+1"]
[EndTime "12:07:36 PST"]
[Termination "kleopl won on time"]

1. e4 d6 2. d3 g6 3. d4 Bg7 4.
Nc3 Nf6 5. Be3 c6 6. f3 b5 7. Qd2 Nbd7 8. O-O-O b4 9. Nce2 Qa5 10. Kb1 Rb8 11.
Nc1 Qc7 12. Bh6 Bxh6 13. Qxh6 c5 14. Nge2 Ba6 15. Nf4 Bxf1 16. Rhxf1 cxd4 17. Rxd4 Ne5 18. Nd5 Nxd5 19. Rxd5 Rc8 20. Qd2 O-O 21. h4 Nc4 22.
Qd3 Ne5 23. Qd1 a5 24. h5 a4 25. Rh1 a3 26. f4 axb2 27. fxe5 bxc1=Q+ 28. Qxc1 dxe5 29. Qd2 Qc4 30. Qd3 Qxd3 31. cxd3 f6 32. hxg6 hxg6 33. Rd7 Rf7 34. Rc1 Rxc1+ 35. Kxc1 f5 36. Kb2 f4 37.
Kb3 Kg7 38. Kxb4 g5 39. Rd5 Kf6 40. a4 e6 41. Rc5 g4 42. a5 f3 43. gxf3 gxf3 44. a6 Kg5 45. Rc1 f2 46. Rf1 Kg4 47. Kb5 Kg3 48. Kc6 Kg2 49. Rb1 f1=Q 50. Rxf1 Kxf1 51.
Kd6 Ra7 52. Kxe6 Rxa6+ 53. Kxe5 Ke2 54. d4 Ke3 55. d5 Kd3 56. d6 1-0

[Event "*** Titled Tuesday Blitz"]
[Site "Chess.com"]
[Date "2021.02.02"]
[Round "11"]
[White "Unknown_IM"]
[Black "HanSchut"]
[Result "0-1"]
[WhiteElo "2364"]
[BlackElo "2283"]
[TimeControl "180+1"]
[EndTime "12:07:36 PST"]
[Termination "HanSchut won by resignation"]

1. e4 c5 2. Nf3 d6 3. c3 g6 4. Be2 Bg7 5. O-O e6 6. d4 cxd4 7. cxd4 Ne7 8. Nc3 O-O 9. Re1 Nbc6 10. Bf1 Bd7 11. h3 h6 12. Bf4 d5 13. exd5 Nxd5 14. Nxd5 exd5 15. Qd2 Kh7 16. Bd3 Be6 17. g4 Qd7 18.
Nh2 Nxd4 19. Rad1 Rac8 20. Bb1 h5 21. gxh5 Bxh3 22. Qe3 Bf5 23. Rxd4 Bxb1 24. Rxb1 Rfe8 25. Qd2 Qf5 26. Rd1 Rc2 27. Qd3 Bxd4 28. Qxf5 Bxf2+ 29. Kf1 gxf5 30. Rxd5 Rxb2 31. Rxf5 Rc8 32. Rxf7+ Kg8 33. Rd7 Bg3 34. Bxg3 Rc1+ 35. Be1 Rxh2 36. h6 Rh1+ 37. Kg2 Rcxe1 38. Rxb7 Reg1+ 39. Kf2 Rg6 40. Rxa7 Rhxh6 41. Ra8+ Kg7 42. Ra7+ Kf6 43. a4 Kg5 44. Rc7 Ra6 45. Rc4 Rh4 46. Rc5+ Kf6 47. a5 Ra4 48. Rh5 R4xa5 49.
Rh6+ Kg5 50. Rh8 Ra2+ 51. Ke3 R6a4 52. Rg8+ Kf6 53. Rf8+ Ke7 54. Rh8 R2a3+ 55. Kd2 Rg4 56. Rh7+ Kf6 57. Rh6+ Kg5 58. Rb6 Rg2+ 59. Kc1 Ra1+ 60.
Rb1 Rg1+ 61. Kc2 Raxb1 62. Kd3 Rgc1 63. Ke4 Rc7 64. Kd5 Rb6 65. Ke4 Kf6 66. Kd5 Ke7 67. Ke4 Ke6 68. Kd4 Ra7 69. Ke4 Kd6 70. Kd4 Ra5 71. Ke4 Kc5 72. Kf5 Kc4+ 73. Ke4 Kc5 74. Ke5 Kc6+ 75. Ke6 Kb7+ 76. Kd7 Ka6 77.
Ke7 Kb5 78. Kd7 Ra7+ 79. Kc8 Rba6 80. Kb8 Ka5 81. Kc8 Kb5 82. Kb8 Rh7 83. Kc8 Rg6 0-1

[Event "*** Titled Tuesday Blitz"]
[Site "Chess.com"]
[Date "2021.02.02"]
[Round "11"]
[White "ChampStan"]
[Black "eldur16"]
[Result "1-0"]
[WhiteElo "2216"]
[BlackElo "2515"]
[TimeControl "180+1"]
[EndTime "12:07:39 PST"]
[Termination "ChampStan won on time"]

1. d4 d6 2. c4 e5 3. Nf3 e4 4. Ng5 f5 5. Nc3 Be7 6. Nh3 c6 7. e3 Nf6 8. Nf4 O-O 9. Be2 Na6 10. O-O Nc7 11. Bd2 Rb8 12. Qb3 g5 13. Nh3 h6 14.
d5 c5 15. f3 exf3 16. gxf3 f4 17. Nf2 fxe3 18. Bxe3 Bf5 19. Nce4 Qd7 20. Ng3 Bh7 21.
Bd3 b5 22. Bxh7+ Nxh7 23. Ng4 bxc4 24. Qxc4 Kg7 25. Rae1 Nf6 26. Nxf6 Bxf6 27. f4 Rb4 28. Qe2 Rxb2 29. Qf3 g4 30. Qe4 Re8 31. Qd3 Qf7 32.
Nf5+ Kh8 33. Nxd6 Qxd5 34. Qxd5 Nxd5 35. Nxe8 Nxe3 36. Rxe3 Bd4 37. Re1 c4 38. Kf1 Bxe3 39. Rxe3 Rxa2 40. Nd6 Rxh2 41. Re8+ Kg7 42. Nxc4 h5 43.
Re7+ Kf6 44. Rxa7 Kf5 45. Rf7+ Ke4 46. Nd6+ Kf3 47. Kg1 Rd2 48. Nf5 g3 49. Nh4+ Kg4 50. Ng2 1-0

[Event "*** Titled Tuesday Blitz"]
[Site "Chess.com"]
[Date "2021.02.02"]
[Round "11"]
[White "Kostya_Nikologorskiy"]
[Black "xberli"]
[Result "0-1"]
[WhiteElo "2626"]
[BlackElo "2510"]
[TimeControl "180+1"]
[EndTime "12:07:39 PST"]
[Termination "xberli won on time"]

1. e4 e5 2. Nf3 Nc6 3. d4 exd4 4. Bc4 Nf6 5. e5 d5 6. Bb5 Ne4 7. Nxd4 Bd7 8. Bxc6 bxc6 9. O-O Bc5 10. f3 Ng5 11.
Be3 O-O 12. Qd2 Ne6 13. Nxe6 Bxe3+ 14. Qxe3 Bxe6 15. Qc5 Qb8 16. Qa3 Qb6+ 17. Kh1 Rfb8 18. b3 Qd4 19. c3 Qxe5 20. Qc5 Qd6 21. Qxd6 cxd6 22. Nd2 a5 23. f4 Bf5 24. h3 h5 25. Rfe1 a4 26. b4 a3 27. Nb3 Be4 28.
Kg1 Kf8 29. Kf2 Bd3 30. g4 h4 31. Re3 Bc4 32. Na5 c5 33. Kf3 cxb4 34. cxb4 Rxb4 35. Rxa3 Bb5 36. Rb3 Rxb3+ 37. axb3 Rc8 38. Ke3 Rc3+ 39. Kf2 Rxh3 40. Rd1 Rd3 41. Rh1 h3 42. b4 d4 43.
Nb7 Ke7 44. Re1+ Kd7 45. f5 h2 46. Na5 Rd2+ 47. Kg3 Rb2 48. g5 Bc6 49. Nxc6 Kxc6 50. f6 gxf6 51. gxf6 Kd5 52. Kh3 d3 53. b5 Kc5 54.
Rd1 Kxb5 55. Kg3 Kc4 0-1

[Event "*** Titled Tuesday Blitz"]
[Site "Chess.com"]
[Date "2021.02.02"]
[Round "11"]
[White "TregubovP"]
[Black "AlexSuv"]
[Result "1/2-1/2"]
[WhiteElo "2594"]
[BlackElo "2490"]
[TimeControl "180+1"]
[EndTime "12:07:40 PST"]
[Termination "Game drawn - insufficient material"]

1. e4 c5 2. Nf3 e6 3. c3 Nf6 4. e5 Nd5 5. d4 cxd4 6. cxd4 d6 7. Bc4 Be7 8. O-O O-O 9. Qe2 b6 10. Bxd5 exd5 11. Nc3 Be6 12. Bf4 Nc6 13. Qb5 Rc8 14. Nxd5 dxe5 15. Nxe7+ Qxe7 16. dxe5 Bg4 17. Rad1 Bxf3 18.
gxf3 Rfd8 19. Rxd8+ Nxd8 20. Rd1 Ne6 21. Be3 h5 22.
Qd7 Qxd7 23. Rxd7 Rc7 24. Rxc7 Nxc7 25. f4 g6 26. Kg2 Kf8 27. Kf3 Ke7 28. a4 Ke6 29.
Ke4 Na6 30. f5+ gxf5+ 31. Kf4 Nb4 32. Kg5 Kxe5 33. Kxh5 f4 34. Bd2 Nd3 35. Kg5 f6+ 36. Kg4 Nxf2+ 37. Kf3 Nh3 38. Kg4 Nf2+ 39. Kf3 Nd3 40.
b4 Kf5 41. b5 Ne5+ 42. Ke2 Ke4 43. h4 f3+ 44. Kf1 Ng4 45. h5 Kd3 46. Bc1 f5 47. h6 Nf6 48. Bb2 Nh7 49. Kf2 Ke4 50. Bg7 Ng5 51.
Bf6 Nh3+ 52. Kf1 Nf4 53. h7 Ng6 54. h8=Q Nxh8 55. Bxh8 Kd3 56. Be5 Kc4 57. Bb8 Kb4 58.
Bxa7 Kxa4 59. Bxb6 Kxb5 60. Be3 f2 61. Kxf2 f4 62.
Bxf4 1/2-1/2

[Event "*** Titled Tuesday Blitz"]
[Site "Chess.com"]
[Date "2021.02.02"]
[Round "11"]
[White "kidagent"]
[Black "shaheus"]
[Result "0-1"]
[WhiteElo "2275"]
[BlackElo "2400"]
[TimeControl "180+1"]
[EndTime "12:07:40 PST"]
[Termination "shaheus won on time"]

1. e4 c5 2. Nf3 Nc6 3. d4 cxd4 4. Nxd4 Nf6 5. Nc3 d6 6. Bg5 e6 7. Qd2 a6 8. O-O-O h6 9. Bh4 Nxe4 10. Nxc6 Qxh4 11.
Nxe4 Qxe4 12. Nd4 Be7 13. Re1 Qd5 14. c4 Qc5 15. Kb1 Bd7 16. g3 Rc8 17. Rc1 O-O 18. Bg2 Rfd8 19. Bxb7 Rb8 20. Bxa6 Bf6 21. Nb3 Qb6 22.
Bb5 Bxb5 23. cxb5 Qxb5 24. Rc7 Qa4 25. Qc2 Ra8 26. Nc1 Qa5 27. Rd1 d5 28. Rd3 Rdb8 29. Rb3 Rxb3 30. Nxb3 Qe1+ 31. Nc1 Be5 32. Rc8+ Rxc8 33.
Qxc8+ Kh7 34. Qc2+ g6 35. f4 Bf6 36. a4 Bd4 37. Ka2 h5 38. Nd3 Qa5 39. b4 Qa6 40. b5 Qa5 41. Kb3 h4 42. Nb4 hxg3 43. hxg3 Kg7 44.
Nc6 Qb6 45. Kb4 Bf6 46. a5 Qe3 47. a6 d4 48. a7 d3 49. Qc5 Qd2+ 50. Ka4 Qd1+ 51.
Ka5 d2 0-1

[Event "*** Titled Tuesday Blitz"]
[Site "Chess.com"]
[Date "2021.02.02"]
[Round "11"]
[White "Pantata007"]
[Black "CM_rui"]
[Result "0-1"]
[WhiteElo "2244"]
[BlackElo "2366"]
[TimeControl "180+1"]
[EndTime "12:07:40 PST"]
[Termination "CM_rui won on time"]

1. d4 e5 2. dxe5 Nc6 3. Nf3 Bc5 4. Nc3 Nge7 5. Bg5 h6 6. Bh4 g5 7. Bg3 Nf5 8. e3 Nxg3 9. hxg3 g4 10. Nh4 Nxe5 11.
Qd2 d6 12. O-O-O Be6 13. Kb1 Qe7 14. Nd5 Bxd5 15. Qxd5 O-O-O 16. Be2 h5 17. Rhf1 c6 18.
Qe4 Kb8 19. a3 Qc7 20. Nf5 Qb6 21. Ka1 Qc7 22. Rd2 f6 23. Rfd1 Qh7 24. f4 gxf3 25. gxf3 d5 26. Qf4 Ka8 27. e4 d4 28. c3 d3 29.
Bxd3 Nxd3 30. Rxd3 Rxd3 31. Rxd3 Rg8 32. Rd1 a6 33.
Rh1 h4 34. Rxh4 Qd7 35. Rh1 Rd8 36. Qc1 Qe6 37. Qc2 Qc4 38. g4 Qb5 39. f4 a5 40. g5 fxg5 41. fxg5 a4 42. g6 Bd6 43. g7 Bf4 44. Rh8 Qf1+ 45. Ka2 Qc4+ 46. b3 axb3+ 47. Qxb3 Qe2+ 48. Qb2 Qc4+ 49. Ka1 Qf1+ 50. Qb1 Qc4 51. Rxd8+ Ka7 52. g8=Q Qxc3+ 0-1

[Event "*** Titled Tuesday Blitz"]
[Site "Chess.com"]
[Date "2021.02.02"]
[Round "11"]
[White "LiamVrolijk"]
[Black "jefferyx"]
[Result "0-1"]
[WhiteElo "2875"]
[BlackElo "2989"]
[TimeControl "180+1"]
[EndTime "12:07:43 PST"]
[Termination "jefferyx won on time"]

1. c4 g6 2. e4 e5 3. Nf3 Bg7 4. d4 exd4 5. Nxd4 Nc6 6. Be3 Qf6 7. Nxc6 dxc6 8. Nc3 Qe7 9. Qc2 Nh6 10. Be2 f5 11. O-O O-O 12. f3 f4 13. Bf2 Nf7 14. Rab1 Ne5 15. b4 Qg5 16. Kh1 Be6 17. b5 Qh6 18.
bxc6 bxc6 19. Na4 g5 20. Nc5 Bc8 21. Nd3 g4 22. Nxe5 g3 23. Bg1 Bxe5 24. Rfd1 Be6 25. c5 Kh8 26. Bc4 Bc8 27. Rd2 a5 28. Rbd1 Qf6 29.
h3 a4 30. Bd4 Kg7 31. Qc3 Re8 32. Bxe5 Qxe5 33. Qb4 Kf6 34. Kg1 h6 35. Rd4 Kg6 36. a3 Kf6 37. Qd2 Rb8 38. Qc2 Ra8 39. Kh1 Kg6 40. Bf1 Be6 41. Bc4 Bc8 42. Qa2 Kf6 43. Bf7 Rf8 44. Bc4 Re8 45. Qd2 Kg6 46. Ba2 Rf8 47.
Qc2 Ra5 48. Qd3 Rxc5 49. Rd8 Ba6 50. Qd7 Rxd8 51. Qxd8 Qg7 52. Qe8+ Kg5 53. h4+ Kxh4 54. Qd8+ Rg5 55. Qd2 Qf8 56. Qd7 Bc8 57. Qh7 Qg7 58.
Qxg7 Rxg7 59. e5 Kg5 60. Rd8 Rd7 0-1

[Event "*** Titled Tuesday Blitz"]
[Site "Chess.com"]
[Date "2021.02.02"]
[Round "11"]
[White "The_Machine04"]
[Black "queen_iryna"]
[Result "1-0"]
[WhiteElo "2485"]
[BlackElo "2316"]
[TimeControl "180+1"]
[EndTime "12:07:43 PST"]
[Termination "The_Machine04 won by checkmate"]

1. d4 d6 2. Nf3 g6 3. Nbd2 Bg7 4.
e4 Nc6 5. c3 e5 6. dxe5 dxe5 7.
Bc4 Nf6 8. O-O O-O 9. Qe2 Re8 10. Rd1 Qe7 11. Nf1 Nd8 12. N3d2 Ne6 13. g3 c6 14. Ne3 b5 15. Bb3 Nc5 16. Bc2 Bh3 17.
f3 Nh5 18. Ndf1 Rad8 19. Rxd8 Rxd8 20. b4 Ne6 21. a4 Nhf4 22. gxf4 exf4 23. Ng2 Bxc3 24.
Rb1 Bxb4 25. Nxf4 Nxf4 26. Bxf4 Bc5+ 27. Ne3 b4 28. Bb3 g5 29. Bg3 Qd7 30. Rd1 Qc7 31. Rxd8+ Qxd8 32. Kh1 Qb6 33. Nc4 Qd8 34. Qd2 Qd4 35.
Qxd4 Bxd4 36. Be5 Bxe5 37. Nxe5 c5 38. Kg1 Be6 39. Bxe6 fxe6 40. Nc4 b3 41. Kf2 Kf7 42.
Ke3 Ke7 43. Kd3 h5 44. h3 Kf6 45. Kc3 g4 46. fxg4 hxg4 47. hxg4 Kg5 48. Kxb3 Kxg4 49.
Kc3 Kf4 50. Kd3 Kf3 51. Nd6 Kf4 52. Kc4 Ke5 53. Kxc5 a5 54. Kc6 Kd4 55. Kd7 Ke5 56. Ke7 Kd4 57. Kxe6 Kc5 58. e5 Kb4 59. Kd5 Kxa4 60.
e6 Kb3 61. e7 a4 62. e8=Q a3 63. Qb5+ Ka2 64. Nc4 Ka1 65. Qb3 a2 66. Qb2# 1-0

[Event "*** Titled Tuesday Blitz"]
[Site "Chess.com"]
[Date "2021.02.02"]
[Round "11"]
[White "sara_khm"]
[Black "QuintilianoR"]
[Result "1-0"]
[WhiteElo "2542"]
[BlackElo "2703"]
[TimeControl "180+1"]
[EndTime "12:07:45 PST"]
[Termination "sara_khm won by resignation"]

1. d4 Nf6 2. c4 e6 3. Nf3 b6 4. g3 Bb7 5. Bg2 Bb4+ 6. Bd2 a5 7.
O-O O-O 8. Bf4 Be7 9. Nc3 Ne4 10. Qc2 Nxc3 11. Qxc3 d6 12. b3 Nd7 13. Rfe1 Be4 14. Bh3 c6 15. Nd2 Bg6 16. e4 a4 17. Rad1 axb3 18. axb3 Ra2 19. b4 Qc8 20. Ra1 Rxa1 21. Rxa1 c5 22. bxc5 bxc5 23. Be3 Bf6 24. f4 cxd4 25.
Bxd4 Bxd4+ 26. Qxd4 Qc5 27. Qxc5 Nxc5 28. f5 Rb8 29.
fxg6 hxg6 30. Bg2 Rb2 31. Rd1 e5 32. Nf1 Ne6 33. Rxd6 Nd4 34. h4 f6 35. Ne3 Re2 36. Nd5 Rc2 37. Rd8+ Kh7 38. Rc8 Rc1+ 39. Kh2 Rc2 40.
Kh3 Ne2 41. g4 Ng1+ 42. Kh2 Ne2 43. c5 Nd4 44. c6 Nxc6 45. Ne7 Nd4 46. Rxc2 Nxc2 47.
Kg3 Nd4 48. g5 Ne6 49. Bh3 Nf4 50. Bd7 Ne2+ 51. Kg4 Nd4 52. Be8 fxg5 53. Bxg6+ Kh8 54. hxg5 Ne6 55. Nf5 Nf4 56. Bf7 g6 57. Nh4 Kg7 58.
Bc4 Kh7 59. Nf3 Kg7 60. Nxe5 1-0

[Event "*** Titled Tuesday Blitz"]
[Site "Chess.com"]
[Date "2021.02.02"]
[Round "11"]
[White "Leo_C"]
[Black "Ajedrez_con_German"]
[Result "1/2-1/2"]
[WhiteElo "2405"]
[BlackElo "2592"]
[TimeControl "180+1"]
[EndTime "12:07:47 PST"]
[Termination "Game drawn by stalemate"]

1. d4 d5 2. c4 c6 3. cxd5 cxd5 4. Bf4 Nf6 5. e3 a6 6. Nc3 Nc6 7. Be2 Bf5 8. Qb3 Na5 9. Qa4+ Bd7 10. Qc2 Rc8 11. Nf3 e6 12. h3 Bb4 13. Nd2 O-O 14.
O-O b5 15. a3 Be7 16. b4 Nc4 17. Nxc4 dxc4 18. e4 Qb6 19. Be3 Qb7 20. e5 Nd5 21.
Nxd5 exd5 22. f4 f5 23. g4 a5 24. bxa5 Ra8 25. Bd2 Qa7 26. Bc3 Bd8 27. Bf3 Qb7 28. Qd2 Be6 29. Rab1 Qa6 30. Qc2 g6 31. a4 bxa4 32.
Qxa4 Bxa5 33. Ra1 Bxc3 34. Qxa6 Bxd4+ 35. Kg2 Rxa6 36. Rxa6 Kf7 37. Rd1 Be3 38. Bxd5 Bxd5+ 39. Rxd5 Bxf4 40. Rd7+ Kg8 41. e6 fxg4 42. hxg4 c3 43. Raa7 Be5 44. e7 Re8 45. Rd8 Kf7 46. Rxe8 Kxe8 47. Ra8+ Kxe7 48. Rc8 Ke6 49. Kf3 h5 50. gxh5 gxh5 51. Ke4 Bf6 52. Rc6+ Kf7 53. Rxc3 Bxc3 54.
Kf3 Kg6 55. Kg2 Kg5 56. Kh1 Kg4 57. Kh2 h4 58. Kh1 h3 59. Kh2 Be5+ 60. Kh1 h2 61. Kg2 Kh4 62. Kh1 Kh3 1/2-1/2

[Event "*** Titled Tuesday Blitz"]
[Site "Chess.com"]
[Date "2021.02.02"]
[Round "11"]
[White "andriipalchuk"]
[Black "ketster"]
[Result "0-1"]
[WhiteElo "2568"]
[BlackElo "2415"]
[TimeControl "180+1"]
[EndTime "12:07:48 PST"]
[Termination "ketster won by resignation"]

1. e4 e5 2. Nf3 Nc6 3. Bc4 Nf6 4. Ng5 d5 5. exd5 Na5 6. Bb5+ c6 7. dxc6 bxc6 8. Bd3 Ng4 9. Nf3 f5 10. h3 Nxf2 11.
Kxf2 e4 12. Re1 Bc5+ 13. Kf1 O-O 14. Be2 exf3 15. Bxf3 Qd4 16. Re3 Ba6+ 17. d3 Rae8 18.
Qe1 Rxe3 19. Bxe3 Qxe3 20. Qxe3 Bxe3 21. b4 Nb7 22. Bxc6 Bd4 23. c3 Bxd3+ 24. Ke1 Bxb1 25. Bd5+ Kh8 26. cxd4 Be4 27. Bxe4 fxe4 28. Rc1 Nd6 29.
Ke2 Kg8 30. Rc6 Rd8 31. Ra6 Nb5 32. a4 Nxd4+ 33. Ke3 Nc2+ 34. Kxe4 Nxb4 35. Rxa7 Rd6 36. Rb7 Nc6 37. Rb6 Kf7 38. a5 Re6+ 39. Kd5 Ne7+ 40. Kc5 Re5+ 41. Kd4 Rxa5 42. Rb2 Rg5 43. Ke3 h5 44. Kf4 Rg6 45. g4 hxg4 46. hxg4 Nd5+ 47. Kf3 Nf6 48. Rb4 Rg5 49. Rd4 Kg6 50. Rc4 Re5 51.
Rd4 Kg5 52. Rf4 Rb5 53. Rd4 Rb3+ 54. Kg2 Nxg4 55. Kg1 Ne5 56. Kf1 Rb2 57. Re4 Kf5 58.
Rh4 g5 59. Rh2 Rxh2 0-1

[Event "*** Titled Tuesday Blitz"]
[Site "Chess.com"]
[Date "2021.02.02"]
[Round "11"]
[White "bazar-wokzal"]
[Black "PavelShkapenko"]
[Result "0-1"]
[WhiteElo "2530"]
[BlackElo "2721"]
[TimeControl "180+1"]
[EndTime "12:07:49 PST"]
[Termination "PavelShkapenko won on time"]

1. e4 e5 2. Bc4 Nf6 3. d3 Be7 4. Nc3 O-O 5. f4 Nc6 6. Nf3 exf4 7. Bxf4 Na5 8. Bb3 Nxb3 9. axb3 d5 10. e5 Ne8 11. d4 c6 12. O-O Bg4 13. Ne2 Nc7 14. Ng3 Ne6 15. Qd2 f5 16. exf6 Bxf6 17. c3 Nxf4 18. Qxf4 Be6 19. Ne5 a6 20. Nh5 Bg5 21.
Qg3 Bh6 22. Rxf8+ Qxf8 23. Rf1 Qe7 24. Nf6+ Kh8 25. Nfg4 Bg5 26. b4 Rf8 27. Rf3 Rxf3 28. Qxf3 Kg8 29. g3 Bc1 30. Qe2 Qg5 31. Nf2 Qe3 32. Qh5 g6 33. Qh4 Qg5 34. Qxg5 Bxg5 35. Nfd3 Bf5 36. Nc5 Bc1 37. Ned3 Be3+ 38. Kf1 b6 39. Ke2 Bg1 40. Nxa6 Bxh2 41. Ne5 Bxg3 42. Nxc6 Kf7 43. b5 h5 44. Nab4 Be4 45. Nd3 h4 46. Nce5+ Kf6 47. Ng4+ Kg5 48. Ngf2 Bxf2 49. Nxf2 Kf4 50.
b3 Bf3+ 51. Kf1 g5 52. c4 g4 53. c5 bxc5 54. b6 h3 0-1

[Event "*** Titled Tuesday Blitz"]
[Site "Chess.com"]
[Date "2021.02.02"]
[Round "11"]
[White "Etud-otradnoe"]
[Black "ErikRonka"]
[Result "0-1"]
[WhiteElo "2361"]
[BlackElo "2469"]
[TimeControl "180+1"]
[EndTime "12:07:49 PST"]
[Termination "ErikRonka won on time"]

1. e4 c6 2. d4 d5 3. e5 c5 4. dxc5 e6 5. Nf3 Nc6 6. Bd3 Bxc5 7. a3 Nge7 8. O-O Ng6 9. b4 Bb6 10. Bb2 Nf4 11. Nbd2 O-O 12. Nb3 Bd7 13. Qd2 Nxd3 14. cxd3 Ne7 15. Nfd4 Ng6 16. f4 a5 17. bxa5 Bxa5 18.
Nxa5 Qxa5 19. Qxa5 Rxa5 20. Bc3 Ra4 21. Bb4 Rc8 22.
g3 Nf8 23. Rfc1 Raa8 24. Kf2 Ba4 25. Ke3 f6 26. Bxf8 fxe5 27. fxe5 Rxf8 28. Nxe6 Rfc8 29. Rab1 Bc6 30. Rc3 Ra4 31. d4 Rca8 32. Rbb3 R4a7 33. Nc5 Kf7 34. Nd3 Ke7 35. Nb4 Kd7 36. Nd3 Ke7 37.
h4 Ba4 38. Rb6 Bc6 39. Rbb3 Rf8 40. Nf4 Rfa8 41. Kd2 Kd7 42. Kc2 Ke7 43. Kb2 Kd7 44. Rc5 Ra5 45. Rbc3 Rxc5 46. Rxc5 Ra4 47. Nxd5 Rxd4 48.
Nb6+ Kc7 49. Nc4 Rg4 50. Nd6 Rxg3 0-1

[Event "*** Titled Tuesday Blitz"]
[Site "Chess.com"]
[Date "2021.02.02"]
[Round "11"]
[White "TokChess"]
[Black "Margency"]
[Result "0-1"]
[WhiteElo "2507"]
[BlackElo "2649"]
[TimeControl "180+1"]
[EndTime "12:07:50 PST"]
[Termination "Margency won by resignation"]

1. Nf3 d5 2. g3 e6 3. Bg2 c5 4. O-O Nf6 5. c4 Nc6 6. d4 Be7 7. cxd5 exd5 8. dxc5 Bxc5 9. Nc3 O-O 10. Na4 Be7 11.
Be3 Re8 12. Rc1 Bg4 13. Bc5 Qd7 14. Bxe7 Qxe7 15. h3 Bh5 16. Re1 Rad8 17. Nc5 Ne4 18.
Nd3 g5 19. Qa4 d4 20. Rxc6 bxc6 21. Qxc6 Bg6 22. Nfe5 Qd6 23. Qxd6 Rxd6 24. Nxg6 hxg6 25. Rc1 Nf6 26. Bf3 Re7 27. Rc5 Kg7 28. Rxg5 Rc7 29. Ra5 Rdd7 30. Kg2 Rc2 31. h4 Rdc7 32. Ra6 Nd7 33. g4 Nc5 34. Nxc5 R2xc5 35. b3 Rc2 36. Kg3 Rd7 37. Ra4 d3 38. exd3 Rxd3 39.
Kg2 Rdd2 40. Rxa7 Rxf2+ 41. Kg3 Rxa2 42. Rxa2 Rxa2 43. Bd5 Rd2 44. Bc4 f6 45. Kf4 Rd4+ 46.
Kf3 Kf8 47. Kg3 Ke7 48. Kf3 Kd6 49. Kg3 Ke5 50. h5 gxh5 51. gxh5 Kf5 52. Bf7 Kg5 53.
Kf3 f5 54. Ke3 Rd7 55. Bc4 Kxh5 56. Kf4 Kg6 57. Be6 Rd4+ 58. Ke5 Re4+ 59. Kd5 Kf6 60.
Bc8 Rb4 0-1

[Event "*** Titled Tuesday Blitz"]
[Site "Chess.com"]
[Date "2021.02.02"]
[Round "11"]
[White "lucachess49"]
[Black "Tiradini007"]
[Result "1/2-1/2"]
[WhiteElo "2330"]
[BlackElo "2222"]
[TimeControl "180+1"]
[EndTime "12:07:50 PST"]
[Termination "Game drawn by repetition"]

1. d4 Nf6 2. c4 e5 3. dxe5 Ng4 4. Bf4 g5 5. Bg3 Bg7 6. Nf3 Nc6 7. Nc3 Ngxe5 8.
Nxe5 Nxe5 9. e3 O-O 10. Be2 d6 11. O-O Be6 12. Qb3 Rb8 13. f4 gxf4 14. exf4 Nc6 15. f5 Bd7 16. f6 Bxf6 17. Nd5 Bg7 18. Bd3 Be6 19. Qd1 Ne5 20. Bxe5 dxe5 21. Qh5 h6 22. Rad1 c6 23. Nf6+ Kh8 24. Bb1 Qe7 25. Ng4 Qg5 26. Qxg5 hxg5 27. Nf6 Rfd8 28. Ne4 g4 29. b3 Rd4 30.
Ng5 Rbd8 31. Rxd4 exd4 32. Bd3 Kg8 33. Nxe6 fxe6 34. Re1 Kf7 35. Kf2 e5 36. Kg3 Ke6 37. Kxg4 Bh6 38. Kh5 Bf4 39. g3 Be3 40. Kg4 Rf8 41.
h4 Rf2 42. h5 Rd2 43. Bf5+ Kf6 44. Be4 d3 45. Rf1+ Ke6 46. Rf3 Bd4 47. Rxd3 Rh2 48. Bf5+ Kf6 49. Rf3 Kg7 50. Be4 Kh6 51. Rf5 Kg7 52.
Rg5+ Kf7 53. Rf5+ Kg7 54. Kg5 Rg2 55. Kg4 Rh2 1/2-1/2

[Event "*** Titled Tuesday Blitz"]
[Site "Chess.com"]
[Date "2021.02.02"]
[Round "11"]
[White "LyonBeast"]
[Black "Smirnov_Pavel"]
[Result "1-0"]
[WhiteElo "3111"]
[BlackElo "2900"]
[TimeControl "180+1"]
[EndTime "12:07:53 PST"]
[Termination "LyonBeast won by resignation"]

1. c4 e6 2. Nf3 d5 3. e3 Nf6 4. b3 Be7 5. Bb2 O-O 6. Be2 c5 7. cxd5 Nxd5 8. O-O Nc6 9. Nc3 Nc7 10. a3 b6 11. Qc2 Bb7 12. Rfd1 Bf6 13. Ne4 Bxb2 14. Qxb2 Qe7 15. Rac1 Rfd8 16. d3 Rac8 17. h4 h6 18. g3 e5 19. Bf1 Rf8 20. Bg2 Rcd8 21. b4 f5 22. Ned2 Rxd3 23. b5 Na5 24. Nxe5 Bxg2 25.
Nxd3 Ba8 26. Nf4 Kh7 27. Kh2 g5 28. Ng2 Nd5 29. Nc4 Nf6 30. Nxa5 Ng4+ 31. Kg1 bxa5 32. b6 axb6 33. Qxb6 Ne5 34. Qxc5 Qb7 35. Qc7+ Qxc7 36.
Rxc7+ Kg6 37. Ne1 Rb8 38. Rc5 Ng4 39. Rxa5 Rb2 40. Rxa8 Nxf2 41. Nd3 Nh3+ 42. Kh1 Re2 43.
Re8 Kh5 44. Rg1 Kg4 45. Rg2 Rxg2 46. Kxg2 gxh4 47. Nf2+ Nxf2 48. Kxf2 hxg3+ 49. Kg2 h5 50. Rg8+ Kh4 51. Rxg3 f4 52. a4 fxg3 53. a5 Kg4 54. a6 h4 55. a7 h3+ 56. Kg1 Kf3 57. a8=Q+ Kxe3 58. Qa3+ Kf4 59. Qd6+ Kg4 60. Qe6+ Kh4 61. Qe4+ Kg5 62. Qf3 1-0

[Event "*** Titled Tuesday Blitz"]
[Site "Chess.com"]
[Date "2021.02.02"]
[Round "11"]
[White "Machidon"]
[Black "SharapovEvgeny"]
[Result "1-0"]
[WhiteElo "2567"]
[BlackElo "2462"]
[TimeControl "180+1"]
[EndTime "12:07:54 PST"]
[Termination "Machidon won on time"]

1. d4 d5 2. Bf4 Nf6 3. e3 c6 4.
c4 g6 5. Nc3 Bg7 6. Qb3 O-O 7.
Nf3 Qb6 8. h3 Qxb3 9. axb3 e6 10.
Bxb8 Rxb8 11. Rxa7 dxc4 12. bxc4 c5 13. Be2 cxd4 14.
Nxd4 Rd8 15. Bf3 Bf8 16. Ra4 Bd7 17. Ndb5 Bc6 18. Ke2 Bxf3+ 19. gxf3 Nd7 20. Rd1 Nb6 21. Rxd8 Rxd8 22. Ra7 Nxc4 23. b3 Nd2 24. Nd4 e5 25. Kxd2 exd4 26. Na4 dxe3+ 27. Ke2 b5 28. Nc3 exf2 29. Ne4 f1=Q+ 30. Kxf1 Rd3 31. Ke2 Rxb3 32. Nf6+ Kg7 33. Ne8+ Kh6 34. Rxf7 Bc5 35. Nf6 Re3+ 36.
Kd2 Re6 37. Rxh7+ Kg5 38. Ne4+ Rxe4 39. fxe4 Kf4 40. Kd3 b4 41. Rc7 Bd6 42. Rc6 Be5 43. Rxg6 b3 44. Rg4+ Kf3 45. Rg5 b2 46. Kc2 Kxe4 47. h4 Kf4 48. Rg6 Kf5 49. h5 Bf6 50.
Rg2 Be5 51. Kb1 Bf6 52. h6 Be5 53. h7 Bf6 54. Rg8 Be5 55. h8=Q 1-0

[Event "*** Titled Tuesday Blitz"]
[Site "Chess.com"]
[Date "2021.02.02"]
[Round "11"]
[White "Beca95"]
[Black "SergeiAza"]
[Result "1-0"]
[WhiteElo "2909"]
[BlackElo "2784"]
[TimeControl "180+1"]
[EndTime "12:07:55 PST"]
[Termination "Beca95 won by resignation"]

1. d4 f5 2. Bg5 h6 3. Bh4 g5 4. Bg3 Bg7 5. e3 c5 6. Nc3 Nf6 7. Be5 Nc6 8. Bxf6 Bxf6 9. Qh5+ Kf8 10. dxc5 Qa5 11. Ne2 Qxc5 12. g4 d5 13. Bg2 d4 14.
exd4 Nxd4 15. Nxd4 Qxd4 16. gxf5 Qe5+ 17. Ne4 Bxf5 18.
O-O Kg7 19. Rfe1 Bg6 20. Qf3 Rhf8 21. c3 Rad8 22. Rad1 Bxe4 23. Qxe4 Qxe4 24. Bxe4 b6 25. Kg2 h5 26. h3 Be5 27. Bf3 Kf6 28. Bxh5 Rd6 29. Rxd6+ exd6 30. Bf3 b5 31. a3 a5 32. Re4 Rb8 33. Be2 d5 34. Rg4 b4 35. axb4 axb4 36.
cxb4 d4 37. b5 Rc8 38. Bd3 Rc1 39. Kf3 Rd1 40. Ke2 Rh1 41. b6 Rxh3 42. Rg1 Rh8 43. Be4 Rc8 44. Kd3 Rc5 45. b7 Rb5 46. Rb1 Rb4 47. b3 g4 48. Bd5 Kg5 49. Re1 Kf6 50. Rc1 Kg5 51. Rc8 Rb6 52. Re8 Bf4 53. Kxd4 Kh4 54. Rf8 Bd6 55. Rf6 Rb4+ 56. Kc3 Rxb7 57.
Rxd6 Rc7+ 58. Kd4 Re7 59. b4 Re2 60. Rf6 Kg5 61. Rf8 Rd2+ 62. Kc5 Rc2+ 63. Bc4 Rd2 64.
b5 1-0

[Event "*** Titled Tuesday Blitz"]
[Site "Chess.com"]
[Date "2021.02.02"]
[Round "11"]
[White "GMKrikor"]
[Black "Arvids_Andrejevs"]
[Result "1-0"]
[WhiteElo "2768"]
[BlackElo "2401"]
[TimeControl "180+1"]
[EndTime "12:07:58 PST"]
[Termination "GMKrikor won by resignation"]

1. Nf3 d5 2. c4 e6 3. e3 Nf6 4. Nc3 c5 5. cxd5 Nxd5 6. Nxd5 Qxd5 7. b3 b6 8. Bb2 Bb7 9. Bc4 Qh5 10. Ne5 Qxd1+ 11. Rxd1 Bd6 12. Bb5+ Ke7 13. O-O a6 14.
Be2 Nc6 15. Nc4 Bc7 16. d3 f6 17. a3 Rhd8 18. Rc1 Rd7 19. Rfd1 Rad8 20. f4 b5 21. Nd2 Bb6 22. Kf2 Na5 23. Bc3 Nc6 24. h3 h6 25. Ne4 e5 26. fxe5 fxe5 27. Bb2 Rf8+ 28. Ke1 Rd5 29. Bf3 Rfd8 30. Nf2 Na5 31. Bxd5 Bxd5 32. e4 Bxb3 33. Rd2 c4 34. Ng4 cxd3 35. Nxe5 Bd4 36. Bxd4 Rxd4 37. Rxd3 Rxe4+ 38. Kf2 Rxe5 39. Rc7+ Kf6 40. Ra7 Re6 41. Rf3+ Ke5 42. Re3+ Kf5 43. g4+ Kf6 44. Rf3+ Kg6 45. Rff7 Kg5 46. Rxg7+ Kh4 47. Rh7 Rf6+ 48. Ke3 Kxh3 49. g5 Nc4+ 50. Kd4 Rd6+ 51.
Kc5 Rd2 52. Rxh6+ Kg4 53. g6 Rd8 54. g7 Rc8+ 55. Kb4 Ba2 56. Rh8 Nd2 57. Rxc8 a5+ 58. Kxa5 Kf5 59. Kb4 Nc4 60. g8=Q Nxa3 61. Qf8+ 1-0